 Dungeon Crawl Stone Soup version 0.30.1-4-g462c640d31 (webtiles) character file.

Game seed: 14614845049784534962

28 FishyPogo the Insei (level 3, -2/28 HPs)
             Began as a Gnoll Transmuter on Aug 25, 2023.
             Slain by Terence
             ... wielding a +0 flail
              (13 damage)
             ... on level 2 of the Dungeon.
             The game lasted 00:04:39 (844 turns).

FishyPogo the Insei (Gnoll Transmuter)               Turns: 844, Time: 00:04:40

Health: -2/28      AC:  2    Str:  9    XL:     3   Next: 12%
Magic:  9/9        EV: 18    Int: 14    God:
Gold:   18         SH:  0    Dex: 12    Spells: 11/12 levels left

rFire   . .          .
                       - Unarmed
rCold   . . .        (no shield)
rNeg    . . .        a - +0 robe
rPois   .            (helmet currently unavailable)
rElec   .            (no cloak)
rCorr   .            (no gloves)
SInv    .            (boots currently unavailable)
Will    .....        (no amulet)
Stlth   +            e - ring of flight
HPRegen 0.24/turn    l - +5 ring of evasion
MPRegen 0.11/turn

%: no passive effects
@: appendages (expiring), flying
A: horns 2, talons 2, fangs 1, strong nose, distributed training
a: End Transformation


You were on level 2 of the Dungeon.
You had temporarily grown beastly horns and talons.
You visited 1 branch of the dungeon, and saw 2 of its levels.

You collected 18 gold pieces.

Inventory:

Missiles
 d - 12 stones
Armour
 a - a +0 robe (worn)
Jewellery
 e - a ring of flight (left hand)
 i - a ring of protection from cold
 l - a +5 ring of evasion (right hand)
Scrolls
 f - 2 scrolls of poison {unknown}
 g - a scroll of amnesia {unknown}
 j - a scroll of identify {unknown}
 m - a scroll of noise {unknown}
Potions
 b - 2 potions of lignification
 c - a potion of cancellation {unknown}
 h - a potion of haste {unknown}
 k - a potion of heal wounds {unknown}


   Skills:
 + Level 2.6 Fighting
 + Level 0.7 Short Blades
 + Level 0.7 Long Blades
 + Level 0.7 Axes
 + Level 0.7 Maces & Flails
 + Level 0.7 Polearms
 + Level 0.7 Staves
 + Level 0.7 Ranged Weapons
 + Level 0.7 Throwing
 + Level 0.7 Armour
 + Level 4.5 Dodging
 + Level 0.7 Stealth
 + Level 0.7 Shields
 + Level 6.5 Unarmed Combat
 + Level 5.0 Spellcasting
 + Level 0.5 Conjurations
 + Level 0.5 Hexes
 + Level 0.5 Summonings
 + Level 0.5 Necromancy
 + Level 0.5 Translocations
 + Level 3.7 Transmutations
 + Level 0.5 Fire Magic
 + Level 0.5 Ice Magic
 + Level 0.5 Air Magic
 + Level 0.5 Earth Magic
 + Level 0.5 Poison Magic
 + Level 0.9 Invocations
 + Level 0.7 Evocations


You had 11 spell levels left.
You knew the following spells:

 Your Spells              Type           Power      Damage    Failure   Level
a - Beastly Appendage     Tmut           28%        N/A       3%          1

Your spell library contained the following spells:

 Spells                   Type           Power      Damage    Failure   Level
 Wereblood                Tmut           14%        N/A       5%          2
 Spider Form              Tmut/Pois      9%         N/A       22%         3
 Ice Form                 Ice/Tmut       9%         N/A       58%         4


Dungeon Overview and Level Annotations

Branches:
Dungeon (2/15)

Altars:

Shops:
D:1 !

Annotations:
D:2 Terence


Innate Abilities, Weirdness & Mutations

You have temporarily grown beastly horns and talons.
You have very sharp teeth.
Your uncanny sense of smell can sniff out nearby items.
Your experience applies equally to all skills.


Message History

You hit the dart slug.
The dart slug is lightly wounded.
The dart slug barely misses you.
You barely miss the dart slug. You claw the dart slug.
You headbutt the dart slug.
The dart slug is severely wounded.
You punch the dart slug!
You kill the dart slug!
Magic restored.
Your transformation is almost over.
Your horns disappear.
Your talons disappear.
Found a stone staircase leading down.
m - a scroll labelled GELYRYINEI
There is a stone staircase leading down here.
b - 2 potions of lignification (gained 1) Terence the Incautious comes into view.
He is wielding a +0 flail.
Casting: Beastly Appendage (safe; 3% risk of failure)
Confirm with . or Enter, or press ? or * to list all spells.
You grow a pair of large bovine horns.
Your feet morph into talons.
Terence shouts!
Found 14 gold pieces.
You hit Terence but do no damage. Terence hits you with a +0 flail!
You hit Terence but do no damage. Terence hits you with a +0 flail!
You are too injured to fight recklessly!
You barely miss Terence. You claw Terence. Your punch misses Terence.
You bite Terence, but do no damage.
Terence is lightly wounded.
Your transformation is almost over.
Terence barely misses you.
You barely miss Terence. You claw Terence, but do no damage.
Terence is lightly wounded.
Terence hits you with a +0 flail.
You hit Terence but do no damage. Your kick misses Terence.
Your headbutt misses Terence. You bite Terence, but do no damage.
Terence is lightly wounded.
Terence closely misses you.
You hit Terence but do no damage. Your headbutt misses Terence.
Terence is lightly wounded.
Terence hits you with a +0 flail!
You die...

...# ... #..# .#.. P
#..## ... ..##...#..##
. ... ...♣.♣...# .#.#..
#....#..###.
...#..######.♣.♣.......
...............@.......
.....####..♣@♣#..####
##...##......# .$..
♣....##.##.### ####
♣...........#
♣#....####.## ♣ #...##
..# .♣♣♣ #..># ... ...#
#...# .. ...###...# .#


You could see Terence.

Vanquished Creatures
  2 dart slugs
  3 bats (D:1)
  6 endoplasms (D:1)
  A giant cockroach (D:1)
  A goblin (D:1)
  2 hobgoblins (D:1)
  2 ball pythons (D:1)
  A frilled lizard (D:1)
  2 kobolds (D:1)
  2 rats (D:1)
22 creatures vanquished.

Notes
Turn   | Place    | Note
-------+----------+-------------------------------------------
     0 | D:1      | FishyPogo the Gnoll Transmuter began the quest for the Orb.
     0 | D:1      | Reached XP level 1. HP: 17/17 MP: 6/6
   155 | D:1      | Reached XP level 2. HP: 19/23 MP: 7/7
   294 | D:1      | Found Tuigac's Distillery.
   646 | D:1      | Reached skill level 5 in Spellcasting
   646 | D:1      | Reached XP level 3. HP: 27/28 MP: 6/9
   833 | D:2      | Noticed Terence
   844 | D:2      | Slain by Terence

Illustrated notes

Levels and vault maps discovered:
D:1:      roderic_octagonal_star, layout_basic, serial_shops, shop,
          wad_floor_pattern_untrapped, nrook_campfire, minmay_misc_feat_alley,
          grunt_decor_junction, minmay_misc_feat_five, amcnicky_mini_pool_small
D:2:      layout_basic, serial_forest, infiniplex_forest_lined_3,
          infiniplex_forest_join, infiniplex_forest_lined_1,
          infiniplex_forest_clump_medium, infiniplex_forest_clump_tiny,
          infiniplex_forest_clump_diagonal, infiniplex_forest_zigzag_1,
          infiniplex_forest_clump_small, basic_altar, uniq_natasha,
          uniq_sigmund, uniq_terence

Skill      XL: |  1  2 |
---------------+-------+-----
Spellcasting   | 5 |  5.0
Fighting       | |  2.6
Short Blades   | |  0.7
Long Blades    | |  0.7
Axes           | |  0.7
Maces & Flails | |  0.7
Polearms       | |  0.7
Staves         | |  0.7
Ranged Weapons | |  0.7
Throwing       | |  0.7
Armour         | |  0.7
Dodging        | |  4.5
Stealth        | |  0.7
Shields        | |  0.7
Unarmed Combat | |  6.5
Conjurations   | |  0.5
Hexes          | |  0.5
Summonings     | |  0.5
Necromancy     | |  0.5
Translocations | |  0.5
Transmutations | |  3.7
Fire Magic     | |  0.5
Ice Magic      | |  0.5
Air Magic      | |  0.5
Earth Magic    | |  0.5
Poison Magic   | |  0.5
Invocations    | |  0.9
Evocations     | |  0.7

Action                     || total
---------------------------++-------
  Melee: Unarmed           ||    61
         Kick              ||     9
         Bite              ||    10
         Headbutt          ||     5
   Cast: Beastly Appendage ||    13
    Use: Potion            ||     1
 Armour: Robe              ||     7
  Dodge: Dodged            ||    38
